 Dungeon Crawl Stone Soup version 0.30-a0-591-g3c58d2bc28 (webtiles) character file.

Game seed: 14478123187928961101

216 Zonian the Sneak (level 5, 0/26 HPs)
             Began as a Vine Stalker Brigand on Jan 6, 2023.
             Killed by divine providence
             ... invoked by an orc priest
              (7 damage)
             ... on level 4 of the Dungeon.
             The game lasted 00:06:29 (2817 turns).

Zonian the Sneak (Vine Stalker Brigand)             Turns: 2817, Time: 00:06:29

Health: 0/26       AC:  9    Str: 11    XL:     5   Next: 93%
Magic:  0/6        EV: 12    Int: 11    God:
Gold:   180        SH:  5    Dex: 24    Spells: 4/4 levels left

rFire   + + +      SeeInvis .    i - +0 short sword (venom)
rCold   . . .      Faith    .    (no shield)
rNeg    . . .      Spirit   +    b - +0 robe
rPois   .          Reflect  +    t - +2 helmet of the Trilobite {rElec rF++ Regen+ Str-2}
rElec   +          Harm     .    k - +2 cloak
rCorr   .          Rampage  .    y - +0 pair of gloves
Will    .....                    (no boots)
Stlth   ++++                     v - amulet of reflection
HPRegen 1.84/turn                g - +6 ring of dexterity
MPRegen 0.10/turn                o - ring of protection from fire

@: no status effects
A: fangs 2, regeneration 1, magic shield, antimagic bite, no potion heal 2
a: no special abilities


You were on level 4 of the Dungeon.
You visited 1 branch of the dungeon, and saw 4 of its levels.

You collected 180 gold pieces.

Inventory:

Hand Weapons
 a - a +2 dagger
 i - a +0 short sword of venom (weapon)
 x - the +10 mace of Diet Blood {venom, rN+ Str-4 Int+7}
   (You found it on level 2 of the Dungeon)

   Str:       It affects your strength (-4).
   Int:       It affects your intelligence (+7).
   rN:        It protects you from negative energy.
Missiles
 d - 15 poisoned darts (quivered)
 e - 3 curare-tipped darts
 r - 2 boomerangs
Armour
 b - a +0 robe (worn)
 c - a +0 cloak
 k - a +2 cloak (worn)
 t - the +2 helmet of the Trilobite (worn) {rElec rF++ Regen+ Str-2}
   (You took it off Robin on level 3 of the Dungeon)

   Str:       It affects your strength (-2).
   rF:        It greatly protects you from fire.
   rElec:     It insulates you from electricity.
   Regen:     It increases your rate of health regeneration.
 y - a +0 pair of gloves (worn)
Jewellery
 g - a +6 ring of dexterity (left hand)
 o - a ring of protection from fire (right hand)
 v - an amulet of reflection (around neck)
 w - a ring of resist corrosion
Scrolls
 f - a scroll of noise {unknown}
 h - a scroll of immolation {unknown}
 l - a scroll of blinking {unknown}
 q - a scroll of teleportation
Potions
 j - a potion of curing
 m - a potion of berserk rage {unknown}
 n - 3 potions of mutation
 p - 2 potions of resistance
 s - 2 potions of brilliance
 u - a potion of heal wounds {unknown}
 z - a potion of magic {unknown}
 A - a potion of lignification {unknown}


   Skills:
 - Level 1.7 Fighting
 + Level 4.0 Short Blades
 - Level 1.7 Throwing
 - Level 0.7 Dodging
 + Level 7.1 Stealth


You had 4 spell levels left.
You didn't know any spells.
Your spell library contained the following spells:

 Spells                   Type           Power      Damage    Failure   Level
 Sublimation of Blood     Necr           0%         N/A       47%         2
 Wereblood                Tmut           0%         N/A       47%         2
 Summon Hydra             Summ           0%         N/A       100%        7


Dungeon Overview and Level Annotations

Branches:
Dungeon (4/15)
 Temple: D:4-7

Altars:
Qazlal
Wu Jian


Innate Abilities, Weirdness & Mutations

You have extremely sharp teeth.
Your natural rate of healing is unusually fast.
When hurt, damage is shared between your health and your magic reserves.
Your bite disrupts and absorbs the magic of your enemies.
Potions cannot restore your health.


Message History

The orc priest closely misses you.
You hit the orc but do no damage. You bite the orc, but do no damage.
The orc hits you but does no damage.
The orc priest hits you from afar with a +0 trident.
You hit the orc.
The orc is poisoned.
The orc is heavily wounded.
The orc hits you with a +0 spear. The orc priest closely misses you.
You barely miss the orc. You bite the orc, but do no damage.
The orc is heavily wounded.
The orc barely misses you.
The orc priest hits you from afar with a +0 trident.
You hit the orc but do no damage.
The orc looks as sick as possible!
The orc is heavily wounded.
You hit the orc.
You kill the orc!
You block the orc priest's attack.
Your Short Blades skill increases to level 4!
You hit the orc.
The orc is poisoned.
The orc is lightly wounded.
You block the orc's attack.
The orc priest hits you from afar with a +0 trident.
You closely miss the orc. You bite the orc.
You kill the orc!
The orc priest hits you but does no damage.
The orc priest mumbles some strange prayers to Beogh against you.
Pain shoots through your body!
Items here: )) [[.
You closely miss the orc priest.
The orc priest mumbles some strange prayers to Beogh against you.
Beogh smites you!
* * * LOW HITPOINT WARNING * * *
You hit the orc priest but do no damage.
You bite the orc priest. You drain its power.
You feel invigorated.
The orc priest is moderately wounded.
You closely miss the orc priest. You bite the orc priest. You drain its power.
You feel invigorated.
The orc priest is heavily wounded.
The orc priest calls down the wrath of Beogh upon you.
Beogh smites you!
You die...

#####o#.##
#...#o#.#
#.#...# #
# #...###
.. ##.##
... #.#
####.. #.#
#..>
#.###.#
♣#####
#o@)).#
♣.....
#.###.###♣
♣##### #.#
#....♣
##.#
####.♣♣
#..# ##.♣
#..# #.#
###..# #.#
....# #.#
♣#♣# #..#
#.# #...


You could see an orc priest.

Vanquished Creatures
  An orc priest (D:3)
  An iguana (D:4)
  Robin (D:3)
  A gnoll (D:1)
  5 adders
  A dart slug (D:3)
  2 worms (D:2)
  9 orcs
  5 endoplasms
  2 giant cockroaches (D:1)
  14 goblins
  3 hobgoblins
  2 jackals (D:1)
  4 quokkas
  11 ball pythons
  4 bats
  4 frilled lizards
  5 kobolds
  8 rats
83 creatures vanquished.

Vanquished Creatures (others)
  3 plants (D:4)
3 creatures vanquished.

Grand Total: 86 creatures vanquished

Notes
Turn   | Place    | Note
-------+----------+-------------------------------------------
     0 | D:1      | Zonian the Vine Stalker Brigand began the quest for the
                  | Orb.
     0 | D:1      | Reached XP level 1. HP: 11/11 MP: 2/2
   164 | D:1      | Reached skill level 5 in Stealth
   164 | D:1      | Reached XP level 2. HP: 15/15 MP: 3/3
   408 | D:1      | Reached XP level 3. HP: 18/18 MP: 4/4
   997 | D:2      | Gained mutation: Your natural rate of healing is unusually
                  | fast. [Vine Stalker growth]
   997 | D:2      | Reached XP level 4. HP: 23/23 MP: 5/5
  1031 | D:2      | Reached skill level 6 in Stealth
  1294 | D:2      | Identified the +10 mace of Diet Blood {venom, rN+ Str-4
                  | Int+7}
  1740 | D:3      | HP: 1/23 [orc priest/divine providence (15)]
  1742 | D:3      | Reached XP level 5. HP: 3/26 MP: 0/6
  2009 | D:3      | Found a stormy altar of Qazlal.
  2171 | D:3      | Identified the +2 helmet of the Trilobite {rElec rF++
                  | Regen+ Str-2}
  2171 | D:3      | Noticed Robin
  2218 | D:3      | Killed Robin
  2604 | D:4      | Found an ornate altar of the Wu Jian Council.
  2630 | D:4      | Reached skill level 7 in Stealth
  2664 | D:4      | Noticed a phantom
  2817 | D:4      | Killed from afar by an orc priest

Illustrated notes

Levels and vault maps discovered:
D:1:      lightli_arrival_statue_moat, layout_basic
D:2:      layout_loops_ring
D:3:      layout_rooms, lemuel_doored_altar, uniq_robin
D:4:      layout_loops_ring, mainiacjoe_overflow_surrounded_room,
          makhleb_altar_promises_db, okawaru_ov_weapons_minmay,
          grunt_dithmenos_smoke_and_mirrors, serial_forest,
          infiniplex_forest_clump_small, infiniplex_forest_lined_room_3,
          infiniplex_forest_lined_room_2, infiniplex_forest_end_1,
          infiniplex_forest_straight_4, infiniplex_forest_lined_ring,
          minmay_cupped

Skill      XL: |  1  2  3  4  5 |
---------------+----------------+-----
Short Blades   | 2 3 4 |  4.0
Stealth        | 5 6 7 |  7.1
Fighting       | |  1.7
Throwing       | |  1.7
Dodging        | |  0.7

Action                   |  1- 3 |  4- 6 || total
-------------------------+-------+-------++-------
Melee: Dagger            |    19 |       ||    19
       Bite              |    13 |    38 ||    51
       Short sword       |    41 |   133 ||   174
       Mace              |       |     2 ||     2
  Use: Scroll            |       |     9 ||     9
 Stab: Sleeping          |     9 |     9 ||    18
Armor: Robe              |     8 |    26 ||    34
Dodge: Dodged            |    27 |    55 ||    82
Block: Other             |       |    20 ||    20

Table legend: (Time is in decaauts)
 A = Elapsed time spent in this place.
 B = Non-inter-level travel time spent in this place.
 C = Inter-level travel time spent in this place.
 D = Time resting spent in this place.
 E = Time spent auto-exploring this place.
 F = Levels seen in this place.
 G = Mean time per level.
                   A        B        C        D        E       F      G
               +--------+--------+--------+--------+--------+-----+--------+
         Total |   2784 |   2705 |     79 |    506 |   1394 |   4 |  696.0 |
       Dungeon |   2784 |   2705 |     79 |    506 |   1394 |   4 |  696.0 |
               +--------+--------+--------+--------+--------+-----+--------+

Top non-repeatable levels by time:
     D:1: 863 daAuts
     D:2: 833 daAuts
     D:3: 827 daAuts
     D:4: 259 daAuts
